ARIZONA vs NASHVILLE

Created - March-29-21 at 17:14

Goals
1 2 3 T
ARIZONA 0 0 2 2
NASHVILLE 1 3 0 4
Shots
1 2 3 T
ARIZONA 3 6 15 24
NASHVILLE 9 10 4 23

1st period

1. NASHVILLE , Jimmy Vesey 3 (Jason Dickinson 8, Brian Dumoulin 18) at 3:42

Penalties :
Paul Byron (NSH) for Hooking (Minor) at 10:50

2nd period

2. NASHVILLE , Josh Leivo 4 (Tage Thompson 5, Connor Carrick 8) at 5:45
3. NASHVILLE , Paul Byron 13 (Devin Shore 1) at 7:34
4. NASHVILLE , Sean Monahan 18 (Nicolas Hague 13) at 9:08

Penalties :
Sean Monahan (NSH) for Fighting (Major) at 2:19, Adrian Kempe (ARI) for Fighting (Major) at 2:19, Gabriel Landeskog (ARI) for Charging (Minor) at 3:19, Mario Ferraro (ARI) for Hooking (Minor) at 16:56

3rd period

5. ARIZONA , Thomas Chabot 7 (Mikael Backlund 17, Corey Crawford) at 2:06 (PP)
6. ARIZONA , Thomas Chabot 8 (Justin Faulk 22, Mikael Backlund 18) at 11:04 (PP)

Penalties :
J.T. Compher (NSH) for Elbowing (Minor) at 0:22, Bobby Ryan (NSH) for Hooking (Minor) at 9:54, Andrew Peeke (NSH) for Boarding (Minor) at 11:19, Nicolas Hague (NSH) for Hooking (Minor) at 15:34

Goalie Stats

Corey Crawford (ARI), 19 saves from 23 shots - (0.826), L, 16-13-6, 60:00 minutes
Joonas Korpisalo (NSH), 22 saves from 24 shots - (0.917), W, 13-15-2, 60:00 minutes

Players Stats for ARIZONA

Player Name              G  A  P  +/- PIM S  H  SB GA TA FO     MP     PP MP  PK MP  
------------------------------------------------------------------------------------
Adrian Kempe             0  0  0   0  5   3  1  0  0  0  0/1    14:35   5:00   0:00 
Brad Richardson          0  0  0   0  0   1  0  0  0  0  0/0    10:26   0:00   0:41 
Bryan Little             0  0  0  -3  0   0  1  0  0  0  0/0    20:52   3:51   0:42 
Conor Sheary             0  0  0  -1  0   1  0  0  0  0  1/2    11:30   0:00   0:00 
Evgeni Malkin            0  0  0  -3  0   2  0  0  0  0  14/23  20:10   3:51   0:00 
Gabriel Landeskog        0  0  0  -3  2   4  6  0  0  0  2/3    21:16   3:51   1:07 
Henri Jokiharju          0  0  0   0  0   2  2  0  0  0  0/0    19:53   3:09   1:30 
Jacob Larsson            0  0  0  -3  0   2  0  0  0  0  0/0    15:28   0:00   1:30 
Jay Bouwmeester          0  0  0   0  0   1  0  1  0  0  0/0    20:51   3:09   2:28 
Jean-Gabriel Pageau      0  0  0   0  0   1  0  0  0  0  9/17   13:31   0:00   2:39 
Joel Eriksson Ek         0  0  0  -1  0   1  0  0  0  0  0/0    11:08   0:00   0:52 
Justin Faulk             0  1  1  -1  0   1  0  1  0  0  0/0    26:09   5:42   2:28 
Mario Ferraro            0  0  0  -3  2   1  2  0  0  0  0/0    13:57   0:00   0:00 
Mikael Backlund          0  2  2  -1  0   0  1  0  0  0  11/25  17:22   5:00   0:52 
Nicolas Aube-Kubel       0  0  0   0  0   1  0  0  0  0  1/2     9:45   0:00   0:00 
Riley Sheahan            0  0  0   0  0   0  0  0  0  0  9/13   10:48   0:00   1:03 
Thomas Chabot            2  0  2  -1  0   3  0  2  0  0  0/0    23:41   5:42   0:00 
Zack Kassian             0  0  0   0  0   0  2  0  0  0  0/1    14:37   5:00   0:00 

Players Stats for NASHVILLE

Player Name              G  A  P  +/- PIM S  H  SB GA TA FO     MP     PP MP  PK MP  
------------------------------------------------------------------------------------
Adam Larsson             0  0  0   0  0   1  2  1  0  0  0/0    20:39   2:08   4:23 
Alex Chiasson            0  0  0   0  0   1  1  0  0  0  1/1    12:09   0:37   0:00 
Andrew Peeke             0  0  0   1  2   0  3  0  0  0  0/0    14:46   0:00   0:00 
Bobby Ryan               0  0  0   0  2   1  0  0  0  0  0/2    12:36   0:06   0:00 
Brian Dumoulin           0  1  1   3  0   0  1  3  0  0  0/0    19:52   1:50   4:16 
Connor Carrick           0  1  1   1  0   0  1  0  0  0  0/0    15:30   0:00   0:43 
Devin Shore              0  1  1   2  0   0  0  0  0  0  6/10    7:39   0:00   0:00 
J.T. Compher             0  0  0   1  2   2  1  0  0  0  11/26  18:14   1:50   2:17 
Jared McCann             0  0  0   2  0   0  1  0  0  0  0/2    22:00   2:08   5:10 
Jason Dickinson          0  1  1   1  0   0  0  1  0  0  0/2    16:34   1:50   0:36 
Jeremy Lauzon            0  0  0   0  0   0  0  2  0  0  0/0     5:15   0:00   0:45 
Jimmy Vesey              1  0  1   1  0   6  3  0  0  0  0/1    15:58   1:50   0:00 
Josh Leivo               1  0  1   1  0   1  2  0  0  0  0/0     6:49   0:00   0:00 
Morgan Rielly            0  0  0   0  0   1  0  0  0  0  0/0    25:09   2:08   4:23 
Nicolas Hague            0  1  1   3  2   0  1  1  0  0  0/0    18:47   1:50   3:12 
Nolan Patrick            0  0  0   0  0   0  1  0  0  0  4/12   13:03   0:00   1:31 
Paul Byron               1  0  1   2  2   5  3  0  0  0  0/3    19:11   2:08   2:22 
Sean Monahan             1  0  1   1  5   2  1  0  0  0  18/28  20:03   1:25   5:46 
Tage Thompson            0  1  1   1  0   3  0  0  0  0  0/0     6:49   0:00   0:00 

3 Stars

1 - Jimmy Vesey (NSH)
2 - Brian Dumoulin (NSH)
3 - Josh Leivo (NSH)

Power Play

ARIZONA - 2 on 5 Attempt(s) - 40.00%
NASHVILLE - 0 on 2 Attempt(s) - 0.00%

Penalty Kill

ARIZONA - 2 on 2 Attempt(s) - 100.00% - Score 0 goal in Penalty Kill
NASHVILLE - 3 on 5 Attempt(s) - 60.00% - Score 0 goal in Penalty Kill

Team Stat

ARIZONA - Hits : 15 - Faceoff Wins : 47 - Blocked Shots : 4 - Penalty Minutes : 9
NASHVILLE - Hits : 21 - Faceoff Wins : 40 - Blocked Shots : 8 - Penalty Minutes : 15

Official

Referees : TJ Luxmore and Mitch Dunning
Linesman : Kelsey Mahoney and Matt Brady

Game Notes

Adrian Kempe beats up Sean Monahan at 2:19 of 2nd period

Finance

Level 1 -- Attendance: 4280 (71.33%) -- Ticket Income $428,000
Level 2 -- Attendance: 3647 (72.94%) -- Ticket Income $218,820
Level 3 -- Attendance: 1856 (92.80%) -- Ticket Income $64,960
Level 4 -- Attendance: 2389 (59.73%) -- Ticket Income $59,725
Luxury Box -- Attendance: 704 (70.40%) -- Ticket Income $140,800
Game was played at the Bridgestone Arena.
Total Attendance: 12876 (71.53%)
Total Ticket Income: $912,305
Total Income: $912,305

ARIZONA

5 vs 5 Forward 
   Center                   Left Wing                Right Wing               Time % Phy DF OF 
 1 Evgeni Malkin            Bryan Little             Gabriel Landeskog        40     1   1  3  
 2 Mikael Backlund          Conor Sheary             Adrian Kempe             30     1   2  2  
 3 Jean-Gabriel Pageau      Joel Eriksson Ek         Zack Kassian             25     1   3  1  
 4 Riley Sheahan            Brad Richardson          Nicolas Aube-Kubel       5      1   4  0  

5 vs 5 Defense 
   Defense                  Defense                                           Time % Phy DF OF 
 1 Justin Faulk             Thomas Chabot                                     35     1   2  2  
 2 Jay Bouwmeester          Henri Jokiharju                                   30     1   2  2  
 3 Jacob Larsson            Mario Ferraro                                     25     1   2  2  
 4 Justin Faulk             Thomas Chabot                                     10     1   2  2  

PowerPlay Forward 
   Center                   Left Wing                Right Wing               Time % Phy DF OF 
 1 Evgeni Malkin            Bryan Little             Gabriel Landeskog        60     1   0  4  
 2 Mikael Backlund          Adrian Kempe             Zack Kassian             40     1   1  3  

PowerPlay Defense
   Defense                  Defense                                           Time % Phy DF OF 
 1 Justin Faulk             Thomas Chabot                                     60     1   1  3  
 2 Jay Bouwmeester          Henri Jokiharju                                   40     1   2  2  

Penalty Kill 4 Players Forward 
   Center                   Wing                     Time % Phy DF OF 
 1 Jean-Gabriel Pageau      Gabriel Landeskog        60     1   3  1  
 2 Mikael Backlund          Joel Eriksson Ek         40     1   3  1  

Penalty Kill 4 Players Defense
   Defense                  Defense                  Time % Phy DF OF 
 1 Justin Faulk             Jay Bouwmeester          60     1   4  0  
 2 Jacob Larsson            Henri Jokiharju          40     1   4  0  

Penalty Kill - 3 Players Forward 
   Forward                                           Time % Phy DF OF 
 1 Jean-Gabriel Pageau                               60     1   4  0  
 2 Riley Sheahan                                     40     1   4  0  

Penalty Kill - 3 Players Defense
   Defense                  Defense                  Time % Phy DF OF 
 1 Jay Bouwmeester          Thomas Chabot            60     1   4  0  
 2 Jacob Larsson            Henri Jokiharju          40     1   4  0  

4 vs 4 Forward 
   Center                   Wing                     Time % Phy DF OF 
 1 Evgeni Malkin            Gabriel Landeskog        60     1   1  3  
 2 Mikael Backlund          Conor Sheary             40     1   2  2  

4 vs 4 Defense
   Defense                  Defense                  Time % Phy DF OF 
 1 Justin Faulk             Henri Jokiharju          60     1   2  2  
 2 Jay Bouwmeester          Thomas Chabot            40     1   2  2  

Last Minutes Offensive
   Center                   Left Wing                Right Wing               Defense                  Defense                  
   Evgeni Malkin            Bryan Little             Gabriel Landeskog        Justin Faulk             Thomas Chabot            

Last Minutes Defensive
   Center                   Left Wing                Right Wing               Defense                  Defense                  
   Jean-Gabriel Pageau      Brad Richardson          Gabriel Landeskog        Justin Faulk             Jay Bouwmeester          

Goaltenders
Starting : Corey Crawford           
Backup : Alexandar Georgiev       

Extra Forwards
Normal : Jean-Gabriel Pageau, Riley Sheahan, Joel Eriksson Ek - PP : Jean-Gabriel Pageau, Riley Sheahan - PK : Riley Sheahan
Extra Defensemen
Normal : Henri Jokiharju, Mario Ferraro, Jay Bouwmeester - PP : Henri Jokiharju - PK : Henri Jokiharju, Jacob Larsson
Penalty Shots
Gabriel Landeskog, Evgeni Malkin, Mikael Backlund, Bryan Little, Jean-Gabriel Pageau

Scratches
Nick Shore (Healthy), ARI Cap Hit (Suspend), Oliver Kylington (Healthy), Evan Barratt (Healthy)

NASHVILLE

5 vs 5 Forward 
   Center                   Left Wing                Right Wing               Time % Phy DF OF 
 1 Sean Monahan             Paul Byron               Jared McCann             35     1   2  2  
 2 J.T. Compher             Jason Dickinson          Jimmy Vesey              30     1   2  2  
 3 Nolan Patrick            Alex Chiasson            Bobby Ryan               25     1   2  2  
 4 Devin Shore              Josh Leivo               Tage Thompson            10     1   2  2  

5 vs 5 Defense 
   Defense                  Defense                                           Time % Phy DF OF 
 1 Morgan Rielly            Adam Larsson                                      35     1   2  2  
 2 Brian Dumoulin           Nicolas Hague                                     30     1   2  2  
 3 Andrew Peeke             Connor Carrick                                    25     1   2  2  
 4 Jeremy Lauzon            Morgan Rielly                                     10     1   2  2  

PowerPlay Forward 
   Center                   Left Wing                Right Wing               Time % Phy DF OF 
 1 Sean Monahan             Paul Byron               Jared McCann             60     1   2  2  
 2 J.T. Compher             Jason Dickinson          Jimmy Vesey              40     1   2  2  

PowerPlay Defense
   Defense                  Defense                                           Time % Phy DF OF 
 1 Morgan Rielly            Adam Larsson                                      60     1   2  2  
 2 Brian Dumoulin           Nicolas Hague                                     40     1   2  2  

Penalty Kill 4 Players Forward 
   Center                   Wing                     Time % Phy DF OF 
 1 Sean Monahan             Jared McCann             60     1   2  2  
 2 Paul Byron               J.T. Compher             40     1   2  2  

Penalty Kill 4 Players Defense
   Defense                  Defense                  Time % Phy DF OF 
 1 Morgan Rielly            Adam Larsson             60     1   2  2  
 2 Brian Dumoulin           Nicolas Hague            40     1   2  2  

Penalty Kill - 3 Players Forward 
   Forward                                           Time % Phy DF OF 
 1 Sean Monahan                                      60     1   2  2  
 2 Jared McCann                                      40     1   2  2  

Penalty Kill - 3 Players Defense
   Defense                  Defense                  Time % Phy DF OF 
 1 Morgan Rielly            Adam Larsson             60     1   2  2  
 2 Brian Dumoulin           Nicolas Hague            40     1   2  2  

4 vs 4 Forward 
   Center                   Wing                     Time % Phy DF OF 
 1 Sean Monahan             Jared McCann             60     1   2  2  
 2 Paul Byron               J.T. Compher             40     1   2  2  

4 vs 4 Defense
   Defense                  Defense                  Time % Phy DF OF 
 1 Morgan Rielly            Adam Larsson             60     1   2  2  
 2 Brian Dumoulin           Nicolas Hague            40     1   2  2  

Last Minutes Offensive
   Center                   Left Wing                Right Wing               Defense                  Defense                  
   Sean Monahan             Paul Byron               Jared McCann             Morgan Rielly            Adam Larsson             

Last Minutes Defensive
   Center                   Left Wing                Right Wing               Defense                  Defense                  
   Sean Monahan             Paul Byron               Jared McCann             Morgan Rielly            Adam Larsson             

Goaltenders
Starting : Joonas Korpisalo         
Backup : Devan Dubnyk             

Extra Forwards
Normal : Bobby Ryan, Alex Chiasson, Nolan Patrick - PP : Bobby Ryan, Alex Chiasson - PK : Nolan Patrick
Extra Defensemen
Normal : Andrew Peeke, Connor Carrick, Jeremy Lauzon - PP : Andrew Peeke - PK : Connor Carrick, Jeremy Lauzon
Penalty Shots
Sean Monahan, Jared McCann, Paul Byron, J.T. Compher, Jason Dickinson

Scratches
Alexander Barabanov (Healthy), Alex Petrovic (Healthy), Henrik Lundqvist (Healthy), NSH Cap Hit (Suspend)

% Time on Ice - ARIZONA

Lines # - Real PCT - Wanted PCT - Time Play
Normal Forward
1 - 35% - 40% - 16:19
2 - 24% - 30% - 11:30
3 - 20% - 25% - 9:37
4 - 21% - 5% - 9:45
Normal Defense
1 - 34% - 35% - 15:55
2 - 32% - 30% - 15:14
3 - 30% - 25% - 13:58
4 - 4% - 10% - 2:04
PP Forward
1 - 44% - 60% - 3:51
2 - 56% - 40% - 5:00
PP Defense
1 - 64% - 60% - 5:42
2 - 36% - 40% - 3:09
PK Forward
1 - 78% - 60% - 3:06
2 - 22% - 40% - 0:52
PK Defense
1 - 62% - 60% - 2:28
2 - 38% - 40% - 1:30
PK3 Forward
1 - 0% - 60%
2 - 0% - 40%
PK3 Defense
1 - 0% - 60%
2 - 0% - 40%
44 Forward
1 - 0% - 60%
2 - 0% - 40%
44 Defense
1 - 0% - 60%
2 - 0% - 40%
Last Minute Offensive  - 0:00
Last Minute Defensive  - 0:00
Total
Forward - 60:00
Defense - 60:00

% Time on Ice - NASHVILLE

Lines # - Real PCT - Wanted PCT - Time Play
Normal Forward
1 - 31% - 35% - 14:42
2 - 30% - 30% - 14:08
3 - 24% - 25% - 11:32
4 - 14% - 10% - 6:49
Normal Defense
1 - 30% - 35% - 14:08
2 - 29% - 30% - 13:46
3 - 31% - 25% - 14:47
4 - 10% - 10% - 4:30
PP Forward
1 - 54% - 60% - 2:08
2 - 46% - 40% - 1:50
PP Defense
1 - 54% - 60% - 2:08
2 - 46% - 40% - 1:50
PK Forward
1 - 67% - 60% - 5:58
2 - 33% - 40% - 2:53
PK Defense
1 - 50% - 60% - 4:23
2 - 50% - 40% - 4:28
PK3 Forward
1 - 0% - 60%
2 - 0% - 40%
PK3 Defense
1 - 0% - 60%
2 - 0% - 40%
44 Forward
1 - 0% - 60%
2 - 0% - 40%
44 Defense
1 - 0% - 60%
2 - 0% - 40%
Last Minute Offensive  - 0:00
Last Minute Defensive  - 0:00
Total
Forward - 60:00
Defense - 60:00

Play-by-Play

1st period


0:01 of 1st period - Gabriel Landeskog wins face-off versus Sean Monahan in neutral zone.
0:03 of 1st period - Off-side.
0:04 of 1st period - Mikael Backlund wins face-off versus J.T. Compher in neutral zone.
0:04 of 1st period - Conor Sheary is hit by J.T. Compher and loses puck.
0:11 of 1st period - Icing by Mikael Backlund.
0:12 of 1st period - Mikael Backlund wins face-off versus Bobby Ryan in ARIZONA zone.
0:28 of 1st period - Icing by Alex Chiasson.
0:29 of 1st period - Nolan Patrick wins face-off versus Evgeni Malkin in NASHVILLE zone.
0:33 of 1st period - Andrew Peeke is hit by Gabriel Landeskog and loses puck.
2:22 of 1st period - Shot by Jimmy Vesey.
2:22 of 1st period - Shot Misses the Net.
2:24 of 1st period - Shot by Jimmy Vesey.
2:24 of 1st period - Stopped by Corey Crawford without a rebound.
2:25 of 1st period - Mikael Backlund wins face-off versus Devin Shore in ARIZONA zone.
3:02 of 1st period - Shot by Conor Sheary.
3:02 of 1st period - Stopped by Joonas Korpisalo without a rebound.
3:03 of 1st period - Evgeni Malkin wins face-off versus J.T. Compher in NASHVILLE zone.
3:18 of 1st period - Shot by Jason Dickinson.
3:18 of 1st period - Shot Hit the Post.
3:40 of 1st period - Shot by Jimmy Vesey.
3:40 of 1st period - Shot Misses the Net.
3:42 of 1st period - Shot by Jimmy Vesey.
3:42 of 1st period - Goal by Jimmy Vesey - ARIZONA : 0 - NASHVILLE : 1.
3:43 of 1st period - Riley Sheahan wins face-off versus Sean Monahan in neutral zone.
4:30 of 1st period - Conor Sheary is hit by Jared McCann and loses puck.
4:59 of 1st period - Shot by Alex Chiasson.
4:59 of 1st period - Shot Misses the Net.
5:01 of 1st period - Shot by Morgan Rielly.
5:01 of 1st period - Shot Misses the Net.
5:32 of 1st period - Icing by Brian Dumoulin.
5:33 of 1st period - Evgeni Malkin wins face-off versus Jason Dickinson in NASHVILLE zone.
5:33 of 1st period - Bryan Little is hit by Brian Dumoulin and loses puck.
5:42 of 1st period - Jimmy Vesey is hit by Gabriel Landeskog and loses puck.
5:55 of 1st period - Shot by Jimmy Vesey.
5:55 of 1st period - Stopped by Corey Crawford without a rebound.
5:56 of 1st period - Devin Shore wins face-off versus Jean-Gabriel Pageau in ARIZONA zone.
6:29 of 1st period - Shot by Tage Thompson.
6:29 of 1st period - Stopped by Corey Crawford with a rebound.
7:56 of 1st period - Shot by J.T. Compher.
7:56 of 1st period - Shot Misses the Net.
7:58 of 1st period - Shot by Jimmy Vesey.
7:58 of 1st period - Stopped by Corey Crawford with a rebound.
8:18 of 1st period - Off-side.
8:19 of 1st period - Riley Sheahan wins face-off versus Nolan Patrick in neutral zone.
8:42 of 1st period - Icing by Morgan Rielly.
8:43 of 1st period - Nolan Patrick wins face-off versus Mikael Backlund in NASHVILLE zone.
9:39 of 1st period - Shot by Sean Monahan.
9:39 of 1st period - Stopped by Corey Crawford without a rebound.
9:40 of 1st period - Evgeni Malkin wins face-off versus Jimmy Vesey in ARIZONA zone.
9:46 of 1st period - Henri Jokiharju is hit by Andrew Peeke and loses puck.
10:26 of 1st period - Tage Thompson is hit by Gabriel Landeskog and loses puck.
10:41 of 1st period - Shot by Tage Thompson.
10:41 of 1st period - Stopped by Corey Crawford without a rebound.
10:42 of 1st period - Sean Monahan wins face-off versus Mikael Backlund in ARIZONA zone.
10:50 of 1st period - Minor Penalty to Paul Byron for Hooking.
10:51 of 1st period - Sean Monahan wins face-off versus Mikael Backlund in NASHVILLE zone.
11:30 of 1st period - Icing by Justin Faulk.
11:31 of 1st period - Sean Monahan wins face-off versus Mikael Backlund in ARIZONA zone.
11:39 of 1st period - Icing by Justin Faulk.
11:40 of 1st period - Sean Monahan wins face-off versus Mikael Backlund in ARIZONA zone.
12:15 of 1st period - Jared McCann is hit by Gabriel Landeskog and loses puck.
12:55 of 1st period - Off-side.
12:56 of 1st period - Devin Shore wins face-off versus Riley Sheahan in neutral zone.
12:59 of 1st period - Jacob Larsson is hit by Josh Leivo and loses puck.
13:57 of 1st period - Icing by Thomas Chabot.
13:58 of 1st period - J.T. Compher wins face-off versus Jean-Gabriel Pageau in ARIZONA zone.
14:29 of 1st period - Shot by Jimmy Vesey.
14:29 of 1st period - Stopped by Corey Crawford without a rebound.
14:30 of 1st period - Sean Monahan wins face-off versus Evgeni Malkin in ARIZONA zone.
14:49 of 1st period - Shot by Gabriel Landeskog.
14:49 of 1st period - Stopped by Joonas Korpisalo without a rebound.
14:50 of 1st period - Nolan Patrick wins face-off versus Mikael Backlund in NASHVILLE zone.
15:09 of 1st period - Icing by Bobby Ryan.
15:10 of 1st period - Evgeni Malkin wins face-off versus Nolan Patrick in NASHVILLE zone.
16:21 of 1st period - Shot by Adrian Kempe.
16:21 of 1st period - Stopped by Joonas Korpisalo without a rebound.
16:22 of 1st period - Jean-Gabriel Pageau wins face-off versus J.T. Compher in NASHVILLE zone.
16:36 of 1st period - Icing by Andrew Peeke.
16:37 of 1st period - J.T. Compher wins face-off versus Riley Sheahan in NASHVILLE zone.
17:40 of 1st period - Shot by Paul Byron.
17:40 of 1st period - Stopped by Corey Crawford without a rebound.
17:41 of 1st period - Mikael Backlund wins face-off versus Devin Shore in ARIZONA zone.
18:06 of 1st period - Shot by Adrian Kempe.
18:06 of 1st period - Shot Misses the Net.
18:08 of 1st period - Shot by Adrian Kempe.
18:08 of 1st period - Shot Misses the Net.
19:03 of 1st period - Shot by Sean Monahan.
19:03 of 1st period - Shot Misses the Net.
19:11 of 1st period - Shot by Sean Monahan.
19:11 of 1st period - Shot Blocked by Thomas Chabot.
Goals for this period are 0 for ARIZONA vs 1 for NASHVILLE.
Shots for this period are 3 for ARIZONA vs 9 for NASHVILLE.

2nd period


0:01 of 2nd period - Sean Monahan wins face-off versus Conor Sheary in neutral zone.
0:24 of 2nd period - Shot by Adrian Kempe.
0:24 of 2nd period - Stopped by Joonas Korpisalo without a rebound.
0:25 of 2nd period - J.T. Compher wins face-off versus Evgeni Malkin in NASHVILLE zone.
1:27 of 2nd period - Shot by Paul Byron.
1:27 of 2nd period - Stopped by Corey Crawford with a rebound.
1:33 of 2nd period - Shot by Morgan Rielly.
1:33 of 2nd period - Shot Misses the Net.
1:35 of 2nd period - Shot by Jared McCann.
1:35 of 2nd period - Shot Misses the Net.
1:37 of 2nd period - Shot by Adam Larsson.
1:37 of 2nd period - Stopped by Corey Crawford without a rebound.
1:38 of 2nd period - Jean-Gabriel Pageau wins face-off versus Nolan Patrick in ARIZONA zone.
2:04 of 2nd period - Icing by Andrew Peeke.
2:05 of 2nd period - Nolan Patrick wins face-off versus Mikael Backlund in NASHVILLE zone.
2:13 of 2nd period - Off-side.
2:14 of 2nd period - Sean Monahan wins face-off versus Mikael Backlund in neutral zone.
2:19 of 2nd period - Adrian Kempe beats up Sean Monahan.
2:19 of 2nd period - Penalty to Sean Monahan for Fighting.
2:19 of 2nd period - Penalty to Adrian Kempe for Fighting.
2:20 of 2nd period - Mikael Backlund wins face-off versus Bobby Ryan in neutral zone.
3:18 of 2nd period - Shot by Brad Richardson.
3:18 of 2nd period - Deflect By Nicolas Aube-Kubel.
3:18 of 2nd period - Stopped by Joonas Korpisalo without a rebound.
3:19 of 2nd period - J.T. Compher wins face-off versus Evgeni Malkin in NASHVILLE zone.
3:19 of 2nd period - Minor Penalty to Gabriel Landeskog for Charging.
3:20 of 2nd period - J.T. Compher wins face-off versus Jean-Gabriel Pageau in ARIZONA zone.
3:32 of 2nd period - Icing by J.T. Compher.
3:33 of 2nd period - J.T. Compher wins face-off versus Jean-Gabriel Pageau in NASHVILLE zone.
3:55 of 2nd period - Shot by Jimmy Vesey.
3:55 of 2nd period - Stopped by Corey Crawford without a rebound.
3:56 of 2nd period - Alex Chiasson wins face-off versus Jean-Gabriel Pageau in ARIZONA zone.
4:46 of 2nd period - Shot by Jimmy Vesey.
4:46 of 2nd period - Shot Misses the Net.
4:48 of 2nd period - Shot by Jason Dickinson.
4:48 of 2nd period - Shot Misses the Net.
5:41 of 2nd period - Shot by Tage Thompson.
5:41 of 2nd period - Stopped by Corey Crawford with a rebound.
5:43 of 2nd period - Shot by Josh Leivo.
5:43 of 2nd period - Shot Misses the Net.
5:45 of 2nd period - Shot by Josh Leivo.
5:45 of 2nd period - Goal by Josh Leivo - ARIZONA : 0 - NASHVILLE : 2.
5:46 of 2nd period - Riley Sheahan wins face-off versus Nolan Patrick in neutral zone.
5:51 of 2nd period - Shot by Riley Sheahan.
5:51 of 2nd period - Shot Misses the Net.
6:31 of 2nd period - Alex Chiasson is hit by Gabriel Landeskog.
6:32 of 2nd period - Icing by Alex Chiasson.
6:33 of 2nd period - Mikael Backlund wins face-off versus Nolan Patrick in NASHVILLE zone.
6:42 of 2nd period - Shot by Mario Ferraro.
6:42 of 2nd period - Stopped by Joonas Korpisalo with a rebound.
6:44 of 2nd period - Shot by Jacob Larsson.
6:44 of 2nd period - Stopped by Joonas Korpisalo without a rebound.
6:45 of 2nd period - Evgeni Malkin wins face-off versus Devin Shore in NASHVILLE zone.
6:50 of 2nd period - Shot by Evgeni Malkin.
6:50 of 2nd period - Shot Blocked by Brian Dumoulin.
6:53 of 2nd period - Icing by Brian Dumoulin.
6:54 of 2nd period - Devin Shore wins face-off versus Mikael Backlund in NASHVILLE zone.
7:23 of 2nd period - Icing by Brian Dumoulin.
7:24 of 2nd period - Devin Shore wins face-off versus Evgeni Malkin in NASHVILLE zone.
7:29 of 2nd period - Jacob Larsson is hit by Paul Byron and loses puck.
7:34 of 2nd period - Shot by Paul Byron.
7:34 of 2nd period - Goal by Paul Byron - ARIZONA : 0 - NASHVILLE : 3.
7:35 of 2nd period - Riley Sheahan wins face-off versus J.T. Compher in neutral zone.
9:08 of 2nd period - Shot by Sean Monahan.
9:08 of 2nd period - Goal by Sean Monahan - ARIZONA : 0 - NASHVILLE : 4.
9:09 of 2nd period - Sean Monahan wins face-off versus Jean-Gabriel Pageau in neutral zone.
9:20 of 2nd period - Shot by Sean Monahan.
9:20 of 2nd period - Shot Misses the Net.
9:31 of 2nd period - Icing by Nicolas Hague.
9:32 of 2nd period - Sean Monahan wins face-off versus Mikael Backlund in NASHVILLE zone.
9:32 of 2nd period - Sean Monahan is hit by Mikael Backlund.
9:53 of 2nd period - Shot by Mikael Backlund.
9:53 of 2nd period - Shot Blocked by Nicolas Hague.
10:10 of 2nd period - Jay Bouwmeester is hit by Paul Byron and loses puck.
11:32 of 2nd period - Shot by Gabriel Landeskog.
11:32 of 2nd period - Stopped by Joonas Korpisalo without a rebound.
11:33 of 2nd period - Devin Shore wins face-off versus Jean-Gabriel Pageau in NASHVILLE zone.
11:39 of 2nd period - Mario Ferraro is hit by Josh Leivo and loses puck.
12:26 of 2nd period - Shot by Alex Chiasson.
12:26 of 2nd period - Stopped by Corey Crawford without a rebound.
12:27 of 2nd period - Evgeni Malkin wins face-off versus Sean Monahan in ARIZONA zone.
13:42 of 2nd period - Icing by Jacob Larsson.
13:43 of 2nd period - J.T. Compher wins face-off versus Nicolas Aube-Kubel in ARIZONA zone.
13:43 of 2nd period - Jimmy Vesey is hit by Mario Ferraro and loses puck.
13:47 of 2nd period - Icing by Mario Ferraro.
13:48 of 2nd period - Riley Sheahan wins face-off versus J.T. Compher in ARIZONA zone.
13:50 of 2nd period - Mario Ferraro is hit by Jimmy Vesey.
13:57 of 2nd period - Icing by Brian Dumoulin.
13:58 of 2nd period - Jean-Gabriel Pageau wins face-off versus J.T. Compher in NASHVILLE zone.
14:10 of 2nd period - Icing by Jason Dickinson.
14:11 of 2nd period - Evgeni Malkin wins face-off versus J.T. Compher in NASHVILLE zone.
14:23 of 2nd period - J.T. Compher is hit by Henri Jokiharju and loses puck.
14:40 of 2nd period - Shot by Jason Dickinson.
14:40 of 2nd period - Shot Misses the Net.
14:42 of 2nd period - Shot by J.T. Compher.
14:42 of 2nd period - Shot Blocked by Jay Bouwmeester.
14:53 of 2nd period - Gabriel Landeskog is hit by Adam Larsson and loses puck.
15:03 of 2nd period - Nolan Patrick is hit by Gabriel Landeskog and loses puck.
15:08 of 2nd period - Jay Bouwmeester is hit by Nolan Patrick and loses puck.
15:59 of 2nd period - Shot by Paul Byron.
15:59 of 2nd period - Shot Misses the Net.
16:11 of 2nd period - Shot by Paul Byron.
16:11 of 2nd period - Stopped by Corey Crawford without a rebound.
16:12 of 2nd period - Mikael Backlund wins face-off versus Devin Shore in ARIZONA zone.
16:26 of 2nd period - Devin Shore is hit by Mario Ferraro.
16:56 of 2nd period - Minor Penalty to Mario Ferraro for Hooking.
16:57 of 2nd period - Sean Monahan wins face-off versus Gabriel Landeskog in ARIZONA zone.
17:24 of 2nd period - Shot by Jean-Gabriel Pageau.
17:24 of 2nd period - Shot Misses the Net.
17:32 of 2nd period - Shot by Morgan Rielly.
17:32 of 2nd period - Shot Misses the Net.
17:49 of 2nd period - Off-side.
17:50 of 2nd period - J.T. Compher wins face-off versus Mikael Backlund in neutral zone.
18:13 of 2nd period - Shot by J.T. Compher.
18:13 of 2nd period - Stopped by Corey Crawford without a rebound.
18:14 of 2nd period - Jean-Gabriel Pageau wins face-off versus Sean Monahan in ARIZONA zone.
18:14 of 2nd period - Jean-Gabriel Pageau is hit by Paul Byron.
18:21 of 2nd period - Icing by Adam Larsson.
18:22 of 2nd period - Sean Monahan wins face-off versus Jean-Gabriel Pageau in NASHVILLE zone.
19:02 of 2nd period - Shot by Brad Richardson.
19:02 of 2nd period - Stopped by Joonas Korpisalo without a rebound.
19:03 of 2nd period - Riley Sheahan wins face-off versus J.T. Compher in NASHVILLE zone.
19:36 of 2nd period - Shot by Riley Sheahan.
19:36 of 2nd period - Shot Blocked by Jason Dickinson.
19:45 of 2nd period - Icing by Brian Dumoulin.
19:46 of 2nd period - J.T. Compher wins face-off versus Evgeni Malkin in NASHVILLE zone.
19:46 of 2nd period - J.T. Compher is hit by Bryan Little.
19:57 of 2nd period - Icing by Jimmy Vesey.
19:58 of 2nd period - Jean-Gabriel Pageau wins face-off versus J.T. Compher in NASHVILLE zone.
Goals for this period are 0 for ARIZONA vs 3 for NASHVILLE.
Shots for this period are 6 for ARIZONA vs 10 for NASHVILLE.

3rd period


0:01 of 3rd period - Evgeni Malkin wins face-off versus Sean Monahan in neutral zone.
0:04 of 3rd period - Shot by Gabriel Landeskog.
0:04 of 3rd period - Shot Misses the Net.
0:20 of 3rd period - Shot by Sean Monahan.
0:20 of 3rd period - Deflect By Paul Byron.
0:20 of 3rd period - Stopped by Corey Crawford without a rebound.
0:21 of 3rd period - Jean-Gabriel Pageau wins face-off versus J.T. Compher in ARIZONA zone.
0:21 of 3rd period - Zack Kassian is hit by Jimmy Vesey and loses puck.
0:22 of 3rd period - Minor Penalty to J.T. Compher for Elbowing.
0:23 of 3rd period - Mikael Backlund wins face-off versus Sean Monahan in NASHVILLE zone.
0:42 of 3rd period - Shot by Adrian Kempe.
0:42 of 3rd period - Shot Blocked by Adam Larsson.
2:06 of 3rd period - Shot by Thomas Chabot.
2:06 of 3rd period - Goal by Thomas Chabot - ARIZONA : 1 - NASHVILLE : 4.
2:07 of 3rd period - Devin Shore wins face-off versus Riley Sheahan in neutral zone.
3:46 of 3rd period - Jean-Gabriel Pageau is hit by Alex Chiasson and loses puck.
4:03 of 3rd period - Bobby Ryan is hit by Henri Jokiharju and loses puck.
4:47 of 3rd period - Icing by Paul Byron.
4:48 of 3rd period - Sean Monahan wins face-off versus Adrian Kempe in NASHVILLE zone.
5:02 of 3rd period - Icing by Connor Carrick.
5:03 of 3rd period - Sean Monahan wins face-off versus Riley Sheahan in NASHVILLE zone.
5:37 of 3rd period - Icing by Mario Ferraro.
5:38 of 3rd period - Nicolas Aube-Kubel wins face-off versus J.T. Compher in ARIZONA zone.
5:38 of 3rd period - Mario Ferraro is hit by Jimmy Vesey and loses puck.
5:48 of 3rd period - Icing by Riley Sheahan.
5:49 of 3rd period - Riley Sheahan wins face-off versus Nolan Patrick in ARIZONA zone.
6:22 of 3rd period - Shot by Bobby Ryan.
6:22 of 3rd period - Stopped by Corey Crawford without a rebound.
6:23 of 3rd period - Evgeni Malkin wins face-off versus J.T. Compher in ARIZONA zone.
6:36 of 3rd period - Shot by Morgan Rielly.
6:36 of 3rd period - Shot Misses the Net.
6:38 of 3rd period - Shot by J.T. Compher.
6:38 of 3rd period - Shot Blocked by Justin Faulk.
6:40 of 3rd period - Shot by J.T. Compher.
6:40 of 3rd period - Deflect By Jason Dickinson.
6:40 of 3rd period - Shot Misses the Net.
7:28 of 3rd period - Shot by Adrian Kempe.
7:28 of 3rd period - Shot Misses the Net.
8:39 of 3rd period - Shot by Joel Eriksson Ek.
8:39 of 3rd period - Stopped by Joonas Korpisalo without a rebound.
8:40 of 3rd period - Riley Sheahan wins face-off versus Nolan Patrick in NASHVILLE zone.
8:57 of 3rd period - Shot by Justin Faulk.
8:57 of 3rd period - Stopped by Joonas Korpisalo without a rebound.
8:58 of 3rd period - Evgeni Malkin wins face-off versus J.T. Compher in NASHVILLE zone.
8:58 of 3rd period - Evgeni Malkin is hit by Nicolas Hague.
9:00 of 3rd period - Shot by Gabriel Landeskog.
9:00 of 3rd period - Stopped by Joonas Korpisalo without a rebound.
9:01 of 3rd period - Evgeni Malkin wins face-off versus J.T. Compher in NASHVILLE zone.
9:01 of 3rd period - Evgeni Malkin is hit by Adam Larsson.
9:54 of 3rd period - Minor Penalty to Bobby Ryan for Hooking.
9:55 of 3rd period - Sean Monahan wins face-off versus Mikael Backlund in NASHVILLE zone.
11:00 of 3rd period - Shot by Evgeni Malkin.
11:00 of 3rd period - Stopped by Joonas Korpisalo without a rebound.
11:01 of 3rd period - Mikael Backlund wins face-off versus Paul Byron in NASHVILLE zone.
11:02 of 3rd period - Shot by Justin Faulk.
11:02 of 3rd period - Shot Hit the Post.
11:04 of 3rd period - Shot by Thomas Chabot.
11:04 of 3rd period - Goal by Thomas Chabot - ARIZONA : 2 - NASHVILLE : 4.
11:05 of 3rd period - Riley Sheahan wins face-off versus Nolan Patrick in neutral zone.
11:09 of 3rd period - Nicolas Aube-Kubel is hit by Andrew Peeke and loses puck.
11:19 of 3rd period - Minor Penalty to Andrew Peeke for Boarding.
11:20 of 3rd period - Gabriel Landeskog wins face-off versus Paul Byron in NASHVILLE zone.
11:25 of 3rd period - Shot by Evgeni Malkin.
11:25 of 3rd period - Shot Misses the Net.
11:27 of 3rd period - Shot by Thomas Chabot.
11:27 of 3rd period - Stopped by Joonas Korpisalo without a rebound.
11:28 of 3rd period - Sean Monahan wins face-off versus Mikael Backlund in NASHVILLE zone.
11:47 of 3rd period - Shot by J.T. Compher.
11:47 of 3rd period - Stopped by Corey Crawford without a rebound.
11:48 of 3rd period - Evgeni Malkin wins face-off versus Sean Monahan in ARIZONA zone.
11:48 of 3rd period - Evgeni Malkin is hit by Sean Monahan.
11:56 of 3rd period - Shot by Jay Bouwmeester.
11:56 of 3rd period - Stopped by Joonas Korpisalo without a rebound.
11:57 of 3rd period - Sean Monahan wins face-off versus Evgeni Malkin in NASHVILLE zone.
12:17 of 3rd period - Shot by Evgeni Malkin.
12:17 of 3rd period - Shot Blocked by Brian Dumoulin.
12:19 of 3rd period - Shot by Gabriel Landeskog.
12:19 of 3rd period - Stopped by Joonas Korpisalo without a rebound.
12:20 of 3rd period - J.T. Compher wins face-off versus Zack Kassian in NASHVILLE zone.
12:39 of 3rd period - Shot by Adrian Kempe.
12:39 of 3rd period - Shot Misses the Net.
12:41 of 3rd period - Shot by Henri Jokiharju.
12:41 of 3rd period - Shot Misses the Net.
12:43 of 3rd period - Shot by Henri Jokiharju.
12:43 of 3rd period - Stopped by Joonas Korpisalo without a rebound.
12:44 of 3rd period - Evgeni Malkin wins face-off versus Paul Byron in NASHVILLE zone.
12:47 of 3rd period - Shot by Thomas Chabot.
12:47 of 3rd period - Shot Blocked by Brian Dumoulin.
12:49 of 3rd period - Shot by Evgeni Malkin.
12:49 of 3rd period - Stopped by Joonas Korpisalo without a rebound.
12:50 of 3rd period - Sean Monahan wins face-off versus Evgeni Malkin in NASHVILLE zone.
13:21 of 3rd period - Jean-Gabriel Pageau is hit by Andrew Peeke and loses puck.
13:27 of 3rd period - Joel Eriksson Ek is hit by Connor Carrick and loses puck.
13:46 of 3rd period - Shot by Jean-Gabriel Pageau.
13:46 of 3rd period - Stopped by Joonas Korpisalo without a rebound.
13:47 of 3rd period - Mikael Backlund wins face-off versus Jason Dickinson in NASHVILLE zone.
13:52 of 3rd period - Shot by Mikael Backlund.
13:52 of 3rd period - Shot Misses the Net.
14:00 of 3rd period - Shot by Adrian Kempe.
14:00 of 3rd period - Stopped by Joonas Korpisalo without a rebound.
14:01 of 3rd period - Evgeni Malkin wins face-off versus Sean Monahan in NASHVILLE zone.
14:24 of 3rd period - Shot by Sean Monahan.
14:24 of 3rd period - Shot Blocked by Thomas Chabot.
14:27 of 3rd period - Icing by Justin Faulk.
14:28 of 3rd period - J.T. Compher wins face-off versus Evgeni Malkin in ARIZONA zone.
15:08 of 3rd period - Shot by J.T. Compher.
15:08 of 3rd period - Shot Misses the Net.
15:17 of 3rd period - Off-side.
15:18 of 3rd period - Jean-Gabriel Pageau wins face-off versus Jared McCann in neutral zone.
15:23 of 3rd period - Shot by Jean-Gabriel Pageau.
15:23 of 3rd period - Shot Misses the Net.
15:25 of 3rd period - Shot by Jacob Larsson.
15:25 of 3rd period - Stopped by Joonas Korpisalo without a rebound.
15:26 of 3rd period - Jean-Gabriel Pageau wins face-off versus Sean Monahan in NASHVILLE zone.
15:29 of 3rd period - Shot by Jean-Gabriel Pageau.
15:29 of 3rd period - Shot Misses the Net.
15:34 of 3rd period - Minor Penalty to Nicolas Hague for Hooking.
15:35 of 3rd period - Sean Monahan wins face-off versus Mikael Backlund in NASHVILLE zone.
15:35 of 3rd period - Sean Monahan is hit by Adrian Kempe.
16:52 of 3rd period - Shot by Bryan Little.
16:52 of 3rd period - Shot Blocked by Jeremy Lauzon.
16:54 of 3rd period - Shot by Evgeni Malkin.
16:54 of 3rd period - Shot Misses the Net.
16:56 of 3rd period - Shot by Jay Bouwmeester.
16:56 of 3rd period - Shot Blocked by Jeremy Lauzon.
17:29 of 3rd period - Connor Carrick is hit by Zack Kassian.
18:08 of 3rd period - Shot by Riley Sheahan.
18:08 of 3rd period - Shot Misses the Net.
18:50 of 3rd period - Shot by Morgan Rielly.
18:50 of 3rd period - Stopped by Corey Crawford without a rebound.
18:51 of 3rd period - Jean-Gabriel Pageau wins face-off versus J.T. Compher in ARIZONA zone.
18:56 of 3rd period - Jason Dickinson is hit by Zack Kassian and loses puck.
19:43 of 3rd period - Off-side.
19:44 of 3rd period - Conor Sheary wins face-off versus Jared McCann in neutral zone.
19:49 of 3rd period - Shot by Henri Jokiharju.
19:49 of 3rd period - Stopped by Joonas Korpisalo without a rebound.
19:50 of 3rd period - Mikael Backlund wins face-off versus Sean Monahan in NASHVILLE zone.
Goals for this period are 2 for ARIZONA vs 0 for NASHVILLE.
Shots for this period are 15 for ARIZONA vs 4 for NASHVILLE.